 Dungeon Crawl Stone Soup version 0.27-a0-869-g165b36e3f0 (webtiles) character file.

Game seed: 11297160947301369962

38 robertstho the Skirmisher (level 3, 0/34 HPs)
             Began as a Minotaur Delver on Apr 2, 2021.
             Killed from afar by a dart slug (4 damage)
             ... with a slug dart
             ... on level 4 of the Dungeon.
             The game lasted 00:02:14 (917 turns).

robertstho the Skirmisher (Minotaur Delver)          Turns: 917, Time: 00:02:14

Health: 0/34       AC:  3    Str: 17    XL:     3   Next: 25%
Magic:  2/2        EV: 12    Int:  7    God:
Gold:   11         SH:  0    Dex: 11    Spells: 2/2 levels left

rFire    . . .     SeeInvis .   a - +0 hand axe
rCold    . . .     Faith    .   (no shield)
rNeg     . . .     Spirit   .   b - +0 leather armour
rPois    .         Reflect  .   (helmet restricted)
rElec    .         Harm     .   (no cloak)
rCorr    .         Rampage  .   (no gloves)
Will     .....                  (no boots)
Stlth    ++........             (no amulet)
HPRegen  0.11/turn              (no ring)
MPRegen  0.08/turn              (no ring)

@: no status effects
A: horns 2, retaliatory headbutt
a: no special abilities


You were on level 4 of the Dungeon.
You visited 1 branch of the dungeon, and saw 2 of its levels.

You collected 11 gold pieces.

Inventory:

Hand Weapons
 a - a +0 hand axe (weapon)
 i - a +0 broad axe
Armour
 b - a +0 leather armour (worn)
 f - a +0 ring mail
Wands
 g - a wand of digging (3)
 h - a wand of paralysis (4)
Scrolls
 c - a scroll of fog
 d - a scroll of magic mapping
 e - 2 scrolls of blinking


   Skills:
 * Level 4.5 Fighting
 + Level 2.7 Axes
 * Level 1.4 Armour
 + Level 2.5 Dodging
 - Level 4.1 Stealth


You had 2 spell levels left.
You didn't know any spells.
Your spell library contained the following spells:

 Spells                   Type           Power      Damage    Failure   Level
 Confusing Touch          Hex            0%         N/A       86%         3
 Gell's Gravitas          Tloc           0%         N/A       86%         3
 Petrify                  Tmut/Erth      0%         N/A       99%         4
 Metabolic Englaciation   Hex/Ice        0%         N/A       100%        5
 Yara's Violent Unravell  Hex/Tmut       0%         3d3       100%        5


Dungeon Overview and Level Annotations

Branches:
Dungeon (5/15)
 Temple: D:4-7

Altars:


Innate Abilities, Weirdness & Mutations

You have a pair of horns on your head.
You reflexively headbutt those who attack you in melee.


Message History

The water moccasin zombie barely misses you.
The water moccasin zombie barely misses you.
The water moccasin zombie misses you.
Found a stone staircase leading up.
There is a stone staircase leading up here.
The water moccasin zombie bites you.
You climb upwards.
The jackal barks! x2
Reactivating autopickup.
A jackal and a hobgoblin come into view.
An endoplasm comes into view.
Found a scroll labelled FAL NACSAOMOBU.
There is a stone staircase leading down here.
A jackal comes into view.
The jackal barks! x2; The hobgoblin shouts!
The jackal bites you. The jackal misses you. You furiously retaliate!
You headbutt the jackal. The jackal closely misses you.
You aren't carrying any potions.
Blink to where?
Press: ? - help, Dir - move target
As you read the scroll of blinking, it crumbles to dust.
A ball python, an ufetubus and a skeleton come into view.
The ufetubus shouts!
The ball python hisses angrily.
The ufetubus hits you. x2
* * * LOW HITPOINT WARNING * * *
The ufetubus closely misses you. You furiously retaliate!
You headbutt the ufetubus. The ufetubus barely misses you.
The bullfrog skeleton hits you.
* * * LOW HITPOINT WARNING * * *
Blink to where?
Press: ? - help, Dir - move target
As you read the scroll of blinking, it crumbles to dust.
A giant cockroach comes into view.
A dart slug comes into view.
Found 15 arrows.
Found a steaming platinum ring.
The dart slug launches a dart at you. The slug dart hits you.
You die...

#### #
###..#..##### .#
.........h..###
...
.......##.....####
.... .......
###...B.^##...=.
#.....#
###S5.........
#...S.
###.@w......
#...5# ###...(...
#..Z.# ##.....
#...## #... #...#
.. ...## . ...#
...# .h.#


You could see a dart slug, an ufetubus, a jackal, a giant cockroach and a ball
python.

Vanquished Creatures
  An iguana (D:5)
  2 ufetubi (D:5)
3 creatures vanquished.

Notes
Turn   | Place    | Note
-------+----------+-------------------------------------------
     0 | D:5      | robertstho the Minotaur Delver began the quest for the Orb.
     0 | D:5      | Reached XP level 1. HP: 19/19 MP: 0/0
    19 | D:4      | Noticed an ogre
    28 | D:4      | Noticed a phantom
   386 | D:5      | Noticed an iguana
   397 | D:5      | Killed an iguana
   398 | D:5      | Reached skill level 1 in Armour
   398 | D:5      | Reached XP level 2. HP: 7/28 MP: 1/1
   683 | D:5      | Reached XP level 3. HP: 34/34 MP: 2/2
   847 | D:5      | Noticed a sky beast
   917 | D:4      | Killed from afar by a dart slug

Illustrated notes

Levels and vault maps discovered:
D:4:      wad_crossroads, layout_cave_pods, uniq_natasha
D:5:      layout_loops_ring, grunt_ministairs_2, uniq_prince_ribbit1

Skill      XL: |  1 |
---------------+----+-----
Fighting       | 4 |  4.5
Armour         | 1 |  1.4
Axes           | |  2.7
Dodging        | |  2.5
Stealth        | |  4.1

Action                   || total
-------------------------++-------
Melee: Hand axe          ||    16
       Headbutt          ||     1
Evoke: Wand              ||     1
  Use: Scroll            ||     4
       Potion            ||     1
 Stab: Paralysed         ||     3
Armor: Leather armour    ||     3
Dodge: Dodged            ||    25

Table legend: (Time is in decaauts)
 A = Elapsed time spent in this place.
 B = Non-inter-level travel time spent in this place.
 C = Inter-level travel time spent in this place.
 D = Time resting spent in this place.
 E = Time spent auto-exploring this place.
 F = Levels seen in this place.
 G = Mean time per level.
                   A        B        C        D        E       F      G
               +--------+--------+--------+--------+--------+-----+--------+
         Total |    909 |    901 |      8 |    626 |    121 |   2 |  454.5 |
       Dungeon |    909 |    901 |      8 |    626 |    121 |   2 |  454.5 |
               +--------+--------+--------+--------+--------+-----+--------+

Top non-repeatable levels by time:
     D:5: 847 daAuts
     D:4: 61 daAuts
